 Dungeon Crawl Stone Soup version 0.31-a0-221-gbddc013574 (webtiles) character file.

Game seed: 2482664591523399351

135 ANON1729 the Trooper (level 4, -6/41 HPs)
             Began as a Minotaur Monk on July 4, 2023.
             Mangled by Grinder (9 damage)
             ... while paralysed by Grinder
             ... on level 4 of the Dungeon.
             The game lasted 00:01:14 (2601 turns).

ANON1729 the Trooper (Minotaur Monk)                Turns: 2601, Time: 00:01:15

Health: -6/41      AC:  2    Str: 18    XL:     4   Next: 97%
Magic:  3/3        EV:  2    Int:  7    God:
Gold:   170        SH:  0    Dex: 15    Spells: 3/3 levels left

rFire   . . .        a - +0 mace
rCold   . . .        v - +2 buckler of the Ant {rElec rCorr Dex+3}
rNeg    . . .        b - +0 robe
rPois   .            (helmet restricted)
rElec   +            (no cloak)
rCorr   +            (no gloves)
SInv    .            (no boots)
Will    +....        (no amulet)
Stlth   +            (no ring)
HPRegen 0.26/turn    (no ring)
MPRegen 0.08/turn

%: no passive effects
@: paralysed, enlightened, flying
A: horns 2, retaliatory headbutt
a: no special abilities


You were on level 4 of the Dungeon.
You visited 1 branch of the dungeon, and saw 4 of its levels.

You collected 170 gold pieces.

Inventory:

Hand Weapons
 a - a +0 mace (weapon)
Armour
 b - a +0 robe (worn)
 d - an orb of light
 v - the +2 buckler of the Ant (worn) {rElec rCorr Dex+3}
   (You found it on level 3 of the Dungeon)

   Dex:       It affects your dexterity (+3).
   rElec:     It insulates you from electricity.
   rCorr:     It protects you from acid and corrosion.
Jewellery
 i - a ring of willpower
 t - a ring of protection from fire
Scrolls
 e - 2 scrolls of poison {unknown}
 g - 2 scrolls of identify {unknown}
 j - a scroll of enchant weapon {unknown}
 l - 3 scrolls of summoning {unknown}
 m - a scroll of blinking {unknown}
 n - a scroll of noise {unknown}
 p - 2 scrolls of teleportation {unknown}
 r - a scroll of revelation {unknown}
 s - a scroll of brand weapon {unknown}
 u - a scroll of amnesia {unknown}
 w - a scroll of vulnerability {unknown}
Potions
 c - a potion of ambrosia
 f - 2 potions of enlightenment
 h - a potion of degeneration {unknown}
 k - a potion of resistance {unknown}
 o - a potion of might {unknown}
 q - a potion of mutation {unknown}
 x - a potion of heal wounds {unknown}


   Skills:
 + Level 4.7 Fighting
 + Level 4.7 Maces & Flails
 + Level 1.7 Armour
 + Level 4.3 Dodging
 + Level 1.0 Shields


You had 3 spell levels left.
You didn't know any spells.
Your spell library contained the following spells:

 Spells                   Type           Power      Damage    Failure   Level
 Blink                    Tloc           0%         N/A       65%         2
 Ensorcelled Hibernation  Hex/Ice        0%         N/A       65%         2
 Lesser Beckoning         Tloc           0%         N/A       65%         2
 Momentum Strike          Conj/Tloc      0%         3d8       65%         2
 Passwall                 Tmut/Erth      0%         N/A       65%         2
 Swiftness                Air            0%         N/A       87%         3


Dungeon Overview and Level Annotations

Branches:
Dungeon (4/15)
 Temple: D:4-7

Altars:
Cheibriados
Yredelemnul

Annotations:
D:4 Grinder


Innate Abilities, Weirdness & Mutations

You have a pair of horns on your head.
You reflexively headbutt those who attack you in melee.


Message History

You are too injured to fight recklessly!
You are too injured to fight recklessly!
You are too injured to fight recklessly!
You are too injured to fight recklessly!
You are too injured to fight recklessly!
You are too injured to fight recklessly!
You hit Grinder.
Grinder is heavily wounded.
Grinder barely misses you. You furiously retaliate!
You headbutt Grinder. You closely miss Grinder.
Grinder is severely wounded.
You block Grinder's attack. Grinder hits you.
You writhe in agony.
You closely miss Grinder. You headbutt Grinder.
Grinder is severely wounded.
Grinder barely misses you.
You closely miss Grinder. Your headbutt misses Grinder.
Grinder is severely wounded.
Grinder gestures at you. Pain shoots through your body!
* * * LOW HITPOINT WARNING * * *
You are confused.
You feel invigorated. Grinder closely misses you.
You hit Grinder but do no damage.
Grinder is severely wounded.
Grinder hits you.
* * * LOW HITPOINT WARNING * * *
You writhe in agony.
* * * LOW HITPOINT WARNING * * *
It was a potion of enlightenment.
You feel very buoyant.
You fly up into the air.
You feel less invigorated.
You feel less confused. Grinder gestures at you.
You suddenly lose the ability to move!
Grinder hits you!
* * * LOW HITPOINT WARNING * * *
Grinder gestures at you.
You easily resist.
Grinder hits you!
You die...

##+ #####.# ##### #.#
#.... #.# ###.### #.#
#.....# #.# #.....# #.#
####.....#
#.####.........
.###.#####..............
......5@...###......_...
.###.####### ##.........
#......... ####.....#
#.....# #.....# ###.###
#.## #..##


You could see Grinder.

Vanquished Creatures
  An orc wizard (D:4)
  A mummy (D:4)
  An adder (D:2)
  2 worms
  An orc (D:4)
  9 ball pythons
  5 bats
  5 endoplasms
  4 giant cockroaches
  5 hobgoblins
  7 jackals (D:2)
  9 kobolds
  A quokka (D:2)
  A frilled lizard (D:3)
  7 goblins
  20 rats
79 creatures vanquished.

Notes
Turn   | Place    | Note
-------+----------+-------------------------------------------
     0 | D:1      | ANON1729 the Minotaur Monk began the quest for the Orb.
     0 | D:1      | Reached XP level 1. HP: 19/19 MP: 0/0
    86 | D:1      | Found a faded altar of an unknown god.
   283 | D:1      | Reached XP level 2. HP: 27/27 MP: 1/1
   698 | D:2      | Reached XP level 3. HP: 31/33 MP: 2/2
   933 | D:2      | Reached skill level 1 in Armour
   994 | D:2      | Reached XP level 4. HP: 19/41 MP: 3/3
  1500 | D:3      | Identified the +2 buckler of the Ant {rElec rCorr Dex+3}
  1951 | D:4      | Found a snail-covered altar of Cheibriados.
  2192 | D:4      | Found a basalt altar of Yredelemnul.
  2524 | D:4      | Reached skill level 1 in Shields
  2585 | D:4      | Noticed Grinder
  2598 | D:4      | Paralysed by Grinder for 4 turns
  2599 | D:4      | HP: 2/41 [Grinder (8)]
  2601 | D:4      | Mangled by Grinder

Illustrated notes

Levels and vault maps discovered:
D:1:      grunt_arrival_crossed_arrows, layout_rooms,
          shapermc_ecumenical_altar_gd
D:2:      layout_basic, minmay_rat_hole
D:3:      layout_basic
D:4:      minmay_door_path, layout_loops_corners, lemuel_tele_altar,
          slow_altar_1, kennysheep_nondescript, uniq_grinder

Skill      XL: |  1  2  3  4 |
---------------+-------------+-----
Fighting       | 4 |  4.7
Maces & Flails | 4 |  4.7
Dodging        | 4 |  4.3
Armour         | 1 |  1.7
Shields        | 1 |  1.0

Action                     |  1- 3 |  4- 6 || total
---------------------------+-------+-------++-------
  Melee: Mace              |    78 |    48 ||   126
         Headbutt          |    12 |    15 ||    27
    Use: Potion            |       |     2 ||     2
   Stab: Sleeping          |       |     2 ||     2
 Armour: Robe              |    11 |     2 ||    13
  Dodge: Dodged            |    65 |    22 ||    87
  Block: Buckler           |       |     8 ||     8

Table legend: (Time is in decaauts)
 A = Elapsed time spent in this place.
 B = Non-inter-level travel time spent in this place.
 C = Inter-level travel time spent in this place.
 D = Time resting spent in this place.
 E = Time spent auto-exploring this place.
 F = Levels seen in this place.
 G = Mean time per level.
                   A        B        C        D        E       F      G
               +--------+--------+--------+--------+--------+-----+--------+
         Total |   2625 |   2544 |     81 |    103 |   2062 |   4 |  656.2 |
       Dungeon |   2625 |   2544 |     81 |    103 |   2062 |   4 |  656.2 |
               +--------+--------+--------+--------+--------+-----+--------+

Top non-repeatable levels by time:
     D:4: 897 daAuts
     D:2: 783 daAuts
     D:3: 499 daAuts
     D:1: 444 daAuts
